 Dungeon Crawl Stone Soup version 0.19.1 (webtiles) character file.

703 DarthKuruptios2 the Cudgeler (level 7, -2/44 HPs)
             Began as a Gargoyle Berserker on Dec 13, 2016.
             Was a Priest of Trog.
             Killed from afar by an orc wizard (3 damage)
             ... with a puff of flame
             ... on level 3 of the Dungeon on Dec 14, 2016.
             The game lasted 00:08:52 (2622 turns).

DarthKuruptios2 the Cudgeler (Gargoyle Berserker)   Turns: 2622, Time: 00:08:53

Health: -2/44      AC:  8    Str: 20    XL:     7   Next: 66%
Magic:  7/7        EV: 13    Int:  8    God:    Trog [***...]
Gold:   67         SH:  0    Dex: 11    Spells: 0 memorised, 6 levels left

rFire  . . .     SeeInvis .     a - +0 mace
rCold  . . .     Gourm    .     b - +0 animal skin
rNeg   + . .     Faith    .     (no shield)
rPois  ∞         Spirit   .     (no helmet)
rElec  +         Reflect  .     i - +0 cloak
rCorr  .         Harm     .     (no gloves)
MR     ++...                    (no boots)
Stlth  +.........               k - amulet of regeneration
                                (no ring)
                                (no ring)

@: exhausted, regenerating, slowed, very slow
A: negative energy resistance 1, electricity resistance, unbreathing,
petrification resistance, rot immunity, AC +4
a: Berserk, Trog's Hand, Burn Spellbooks, Renounce Religion


You were on level 3 of the Dungeon.
You worshipped Trog.
Trog was most pleased with you.
You were very hungry.

You visited 1 branch of the dungeon, and saw 4 of its levels.

You collected 67 gold pieces.

Inventory:

Hand Weapons
 a - a +0 mace (weapon)
Missiles
 o - 23 bolts
Armour
 b - a +0 animal skin (worn)
 i - a +0 cloak (worn)
Jewellery
 k - an amulet of regeneration (around neck)
Scrolls
 e - 3 scrolls of remove curse
 j - a scroll of immolation
Potions
 d - 5 potions of curing
 g - 3 potions of mutation {unknown}
 m - a potion of agility {unknown}
 n - a potion of berserk rage {unknown}
Comestibles
 c - 3 bread rations
 f - 3 meat rations
 h - 2 beef jerkies
 l - a chunk of flesh


   Skills:
 + Level 5.3 Fighting
 + Level 6.1 Maces & Flails
 + Level 3.1 Armour
 + Level 3.8 Dodging
 - Level 0.5 Stealth


You had 6 spell levels left.
You didn't know any spells.

Dungeon Overview and Level Annotations

Branches:
Dungeon (4/15)
 Temple: D:4-7

Altars:
Makhleb
Nemelex Xobeh
Xom


Innate Abilities, Weirdness & Mutations

You are resistant to torment.
Your stone body is resilient. (AC +4)
You are immune to poison.
You resist negative energy. (rN+)
You are resistant to electric shocks. (rElec)
You can survive without breathing.
You are immune to petrification.
You are immune to rotting.


Message History

You sock the orc wizard!
The orc wizard is severely wounded.
The orc wizard gestures at you while chanting.
The puff of frost hits you!
The orc wizard points at you and mumbles some strange words.
The magic dart hits you!
* * * LOW HITPOINT WARNING * * *
Something barely misses you. The orc wizard casts a spell at you.
The puff of flame hits you!
* * * LOW HITPOINT WARNING * * *
Something hits you but does no damage.
You closely miss something.
The orc wizard points at you and mumbles some strange words.
The magic dart hits you!
* * * LOW HITPOINT WARNING * * *
You hear some strange, mumbled words.
A puff of flame appears from out of thin air!
The puff of flame hits you!
You die...

######## #......# ### #..)...#
#.. .......# #.# #......#
######### #.# .......# #.......#
######.# .......#######.......#
#......# ########.......{@....#
#......# #.......>o....# #......#
########.............# ##..##..
............)........# #...##.#
########....)........#####..###.#
#.............##.....# #.#
#.............#......# #.# #
#......##.#..#.......# #.# #####
#.....(##....#.......# #.#


You could see an orc wizard.

Vanquished Creatures
  The ghost of Duelies the Bolt Thrower, an amateur HuHu of Okawaru (D:4)
  Sigmund (D:2)
  A sky beast (D:3)
  An ogre (D:3)
  A bullfrog zombie (D:4)
  A centaur skeleton (D:3)
  An orc priest (D:3)
  3 adders
  2 oozes (D:2)
  An adder skeleton (D:4)
  A worm (D:3)
  2 dart slugs (D:3)
  2 leopard geckos
  3 orcs
  A ball python (D:1)
  2 giant cockroaches
  11 goblins
  2 hobgoblins
  6 jackals
  8 kobolds
  4 quokkas
  5 bats
  6 frilled lizards
  8 rats
74 creatures vanquished.

Notes
Turn   | Place    | Note
-------+----------+-------------------------------------------
     0 | D:1      | DarthKuruptios2 the Gargoyle Berserker began the quest for the Orb.
     0 | D:1      | Reached XP level 1. HP: 14/14 MP: 1/1
   221 | D:1      | Reached XP level 2. HP: 5/19 MP: 2/2
   797 | D:1      | Found a shimmering altar of Xom.
  1160 | D:2      | Reached ** piety under Trog
  1184 | D:2      | Reached XP level 3. HP: 23/24 MP: 3/3
  1462 | D:2      | Noticed Sigmund
  1471 | D:2      | Killed Sigmund
  1471 | D:2      | Reached skill level 4 in Maces & Flails
  1471 | D:2      | Reached XP level 4. HP: 21/30 MP: 4/4
  1471 | D:2      | Reached XP level 5. HP: 24/34 MP: 5/5
  1777 | D:2      | Found a sparkling altar of Nemelex Xobeh.
  1880 | D:3      | Found a burning altar of Makhleb.
  1934 | D:3      | Noticed a sky beast
  1957 | D:3      | Killed a sky beast
  1957 | D:3      | Reached skill level 5 in Maces & Flails
  1957 | D:3      | Reached XP level 6. HP: 15/39 MP: 6/6
  2216 | D:3      | Reached *** piety under Trog
  2308 | D:3      | Reached XP level 7. HP: 44/44 MP: 7/7
  2531 | D:4      | Noticed Duelies's ghost (amateur HuHu)
  2543 | D:4      | Killed Duelies's ghost
  2543 | D:4      | Reached skill level 5 in Fighting
  2543 | D:4      | Reached skill level 6 in Maces & Flails
  2622 | D:3      | HP: 1/44 [orc wizard/magic dart (6)]
  2622 | D:3      | Killed from afar by an orc wizard

Skill      XL: |  1  2  3  4  5  6  7 |
---------------+----------------------+-----
Dodging        | 2 3 |  3.8
Fighting       | 4 5 |  5.3
Maces & Flails | 4 5 6 |  6.1
Armour         | 3 |  3.1
Stealth        | |  0.5

Action                   |  1- 3 |  4- 6 |  7- 9 || total
-------------------------+-------+-------+-------++-------
Melee: Mace              |   119 |   106 |    52 ||   277
Invok: Berserk           |     2 |     1 |     2 ||     5
       Burn Spellbooks   |       |     1 |       ||     1
       Trog's Hand       |       |       |     1 ||     1
  Use: Scroll            |     3 |     3 |     1 ||     7
       Potion            |       |       |     1 ||     1
 Stab: Sleeping          |     1 |       |       ||     1
  Eat: Chunk             |     3 |     4 |     2 ||     9
Armor: Animal skin       |    62 |    43 |    48 ||   153
Dodge: Dodged            |   109 |    76 |    61 ||   246
